 Dungeon Crawl Stone Soup version 0.16.2-12-gd0ad4c3 (webtiles) character file.

180558 faibistes the Eclecticist (level 17, -5/100 HPs)
             Began as a Deep Elf Wizard on Mar 1, 2019.
             Was the Champion of Sif Muna.
             Slain by a merfolk
             ... wielding a +0 trident
              (10 damage)
             ... on level 5 of the Shoals on Mar 2, 2019.
             The game lasted 03:36:52 (61290 turns).

faibistes the Eclecticist (Deep Elf Wizard)        Turns: 61290, Time: 03:36:53

Health: -5/100     AC: 14    Str:  4    XL:     17   Next: 64%
Magic:  36/50      EV: 15    Int: 35    God:    Sif Muna [******]
Gold:   1356       SH:  0    Dex:  8    Spells: 12 memorised, 0 levels left

rFire  . . .     SeeInvis .     L - staff of conjuration
rCold  + . .     Clarity  .     a - +1 robe {rC+}
rNeg   . . .     SustAb   .     (no shield)
rPois  +         Gourm    .     e - +2 hat {MR+}
rElec  +         Spirit   .     F - +2 cloak
rCorr  .         Warding  .     q - +2 pair of gloves
rMut   .         Stasis   .     O - +2 pair of boots
MR     ++...                    p - amulet of regeneration
Stlth  ++........               D - ring "Kurghoar" {rElec rPois Int+4 Dex-5}
                                A - ring of magical power

@: very slightly contaminated, deflect missiles, very resistant to hostile
enchantments, unstealthy
A: no striking features
a: Channel Energy, Forget Spell, Renounce Religion


You were on level 5 of the Shoals.
You worshipped Sif Muna.
Sif Muna was exalted by your worship.
You were very hungry.

You visited 6 branches of the dungeon, and saw 32 of its levels.
You also visited: Ossuary.

You collected 3422 gold pieces.
You spent 2066 gold pieces at shops.

Inventory:

Hand weapons
 H - the +3 flail "Jellyslayer" {crush, rC+ MR+ MP-9}
   (You bought it in a shop on level 1 of the Orcish Mines)

   It inflicts extra damage upon your enemies.
   It protects you from cold.
   It affects your resistance to hostile enchantments.
   It affects your magic capacity (-9).
 P - a +4 short sword of electrocution
Armour
 a - a +1 robe of cold resistance (worn)
 e - a +2 hat of magic resistance (worn)
 q - a +2 pair of gloves (worn)
 F - a +2 cloak (worn)
 O - a +2 pair of boots (worn)
Magical staves
 L - an uncursed staff of conjuration (weapon)
Jewellery
 p - an amulet of regeneration (around neck)
 r - an uncursed ring of protection from fire
 w - an uncursed amulet of resist corrosion
 z - the amulet "Twiq" {Ward rN+ Int+4}
   (You bought it in a shop on level 3 of the Orcish Mines)

   [amulet of warding]

   It may prevent the melee attacks of summoned creatures.
   It affects your intelligence (+4).
   It protects you from negative energy.
 A - a ring of magical power (left hand)
 D - the ring "Kurghoar" (right hand) {rElec rPois Int+4 Dex-5}
   (You bought it in a shop on level 3 of the Orcish Mines)

   [ring of poison resistance]

   It affects your intelligence (+4).
   It affects your dexterity (-5).
   It insulates you from electricity.
   It protects you from poison.
 Q - the ring "Khuzxit" {Int+4 SInv}
   (You found it on level 8 of the Dungeon)

   [ring of see invisible]

   It affects your intelligence (+4).
   It enhances your eyesight.
 Z - an uncursed ring of flight
Magical devices
 o - a wand of confusion (25)
 y - a wand of lightning (1)
 B - a wand of disintegration (19)
 K - a wand of polymorph (2)
 M - a wand of paralysis (12)
 U - a wand of cold (7)
 Y - a wand of cold (1)
Scrolls
 g - 4 scrolls of fear
 j - 22 scrolls of remove curse
 n - 3 scrolls of immolation
 t - 7 scrolls of identify
 G - a scroll of holy word
 I - 2 scrolls of fog
 J - 3 scrolls of teleportation
 S - a scroll of blinking
 V - 3 scrolls of magic mapping
 X - 2 scrolls of recharging
Potions
 b - a potion of heal wounds
 c - 2 potions of resistance
 k - a potion of magic
 l - 6 potions of curing
 m - a potion of haste
 s - 6 potions of ambrosia
 u - 3 potions of brilliance
 x - 4 potions of restore abilities
 C - 6 potions of flight
 N - a potion of invisibility
 R - a potion of cure mutation
 W - 2 potions of cancellation
Miscellaneous
 v - a phial of floods
Comestibles
 d - 13 bread rations
 h - 14 meat rations
 i - a fruit
 E - 12 royal jellies


   Skills:
 + Level 9.4 Fighting
 - Level 10.0 Dodging
 - Level 2.4 Stealth
 * Level 19.4 Spellcasting
 + Level 13.4 Conjurations
 - Level 12.0 Charms
   Level 1.1 Summonings
 - Level 7.1 Translocations
 + Level 13.0 Fire Magic
 - Level 5.6 Air Magic
 * Level 9.7 Earth Magic
 - Level 2.3 Poison Magic
 - Level 10.0 Invocations
 - Level 9.0 Evocations


You couldn't memorise any spells.
You knew the following spells:

 Your Spells              Type           Power        Failure   Level  Hunger
a - Magic Dart            Conj           ####         0%          1    None
b - Ring of Flames        Chrm/Fire      #######...   6%          7    ##.....
c - Iskenderun's Battles  Conj/Chrm      ########     1%          5    None
d - Blink                 Tloc           N/A          1%          2    None
e - Mephitic Cloud        Conj/Pois/Air  #######.     1%          3    None
f - Deflect Missiles      Chrm/Air       #######...   4%          6    None
h - Haste                 Chrm           #######.     1%          6    None
j - Iron Shot             Conj/Erth      ########..   1%          6    None
k - Airstrike             Air            ######....   1%          4    None
v - Bolt of Fire          Conj/Fire      ########..   1%          6    None
x - Sticky Flame          Conj/Fire      ########     1%          4    None
z - Iskenderun's Mystic   Conj           ########     1%          4    None


Dungeon Overview and Level Annotations

Branches:
Dungeon (12/15)            Temple (1/1) D:7            Lair (8/8) D:9
 Shoals (5/5) Lair:3        Snake (0/5) Lair:6        Slime (0/6) Lair:7
    Orc (4/4) D:11            Elf (2/3) Orc:3

Altars:
Ashenzari
Cheibriados
Dithmenos
Elyvilon
Fedhas
Gozag
Kikubaaqudgha
Makhleb
Nemelex Xobeh
Okawaru
Qazlal
Ru
Sif Muna
Trog
Vehumet
Xom
Yredelemnul
Zin
The Shining One
Jiyva
Lugonu

Shops:
D:10 (   D:11 =   Orc:1 (   Orc:3 =   Orc:4 (([(:   Elf:1 [   Shoals:2 %

Portals:
Abyss: Elf:1


Message History

Read which item? (? for menu, Esc to quit)
Blink to where?
Press: ? - help, Dir - move target cursor
As you read the scroll of blinking, it crumbles to dust.
The manticore bites you!
* * * LOW HITPOINT WARNING * * *
The manticore claws you!
* * * LOW HITPOINT WARNING * * *
The manticore claws you but does no damage.
Drink which item? (? for menu, Esc to quit)
You feel much better. The manticore barely misses you.
The manticore completely misses you. The manticore claws you.
The manticore bites you!!
* * * LOW HITPOINT WARNING * * *
The manticore claws you.
* * * LOW HITPOINT WARNING * * *
The manticore claws you.
* * * LOW HITPOINT WARNING * * *
The merfolk hits you from afar with a trident!
You die...

#.≈≈≈≈≈≈≈≈≈≈...≈≈≈≈≈≈≈≈≈≈≈≈≈≈≈≈≈≈
#≈≈≈≈≈≈≈≈≈≈≈..≈≈≈≈≈≈≈≈≈≈≈≈≈≈≈≈≈≈≈
#≈≈≈≈≈≈≈≈≈..≈.≈≈≈≈≈≈≈≈≈≈≈≈≈≈≈≈≈≈≈
#≈≈≈≈≈≈≈≈...≈≈≈≈≈≈≈≈≈≈≈≈≈≈≈≈≈≈≈≈
#≈≈≈≈≈≈≈≈..≈≈≈≈≈≈≈≈≈≈≈≈≈≈≈≈≈≈≈≈
≈≈≈≈≈≈≈≈(≈≈≈≈≈≈≈≈≈≈≈≈≈≈≈≈≈≈≈≈≈
≈≈≈≈≈≈≈≈≈≈(≈≈≈≈≈≈≈≈≈≈≈≈≈≈≈≈≈≈
≈≈≈≈≈≈≈≈≈≈..≈≈≈≈≈≈≈≈≈≈≈≈≈≈
≈≈≈≈≈≈§§.*.E.§≈.@H≈≈≈≈≈≈≈
≈≈≈≈≈≈≈...#...m≈≈≈≈≈≈≈≈≈≈
≈≈≈≈≈≈≈≈...m≈≈≈≈≈≈≈≈≈≈≈≈
≈≈≈≈≈≈≈≈≈..)≈≈≈≈≈≈≈≈≈≈≈≈
≈§≈≈≈......≈≈≈≈≈≈≈≈≈≈≈≈≈
≈≈≈≈≈.##.≈.≈≈≈≈≈≈≈≈≈≈≈≈
≈≈≈≈≈..##..≈≈≈≈≈≈≈≈≈≈≈≈≈
≈≈≈≈≈≈.....≈≈≈≈≈≈≈≈≈≈≈≈≈≈
≈≈≈≈≈≈...≈≈≈..≈≈≈≈≈≈≈≈≈≈≈≈


You could see 2 merfolk, a manticore and a water elemental.

Vanquished Creatures
  Polyphemus (Shoals:4)
  A kraken (Shoals:5)
  Rupert (Lair:4)
  Frances (Elf:2)
  Wiglaf (Shoals:2)
  A deep elf sorcerer (Elf:1)
  The ghost of faibistes the Thaumaturge, a powerful DEWz of Sif Muna (Lair:8)
  3 deep elf demonologists (Elf:1)
  2 deep elf annihilators (Elf:1)
  A deep elf death mage (Elf:1)
  4 merfolk javelineers
  4 merfolk impalers
  A deep elf high priest (Elf:1)
  Fannar (Orc:1)
  4 hydras
  Harold (Lair:4)
  Nessos (Elf:2)
  A merfolk avatar (Shoals:4)
  8 merfolk aquamancers
  13 dancing weapons (Elf:2)
  2 alligator snapping turtles
  2 catoblepae
  2 satyrs
  13 death yaks
  A deep troll shaman (Lair:8)
  3 orc high priests (Orc:4)
  Nergalle (Lair:6)
  2 ice devils (Elf:1)
  14 deep elf knights
  A flayed ghost (D:8)
  Erolcha (Orc:2)
  3 hill giants (D:11)
  15 sea snakes
  6 deep elf summoners
  A lindwurm (Lair:8)
  7 orc sorcerers
  20 deep elf conjurers
  11 harpies
  An ugly thing (D:12)
  2 cyclopes
  4 manticores
  14 fauns
  4 orc knights (Orc:4)
  8 water nymphs
  10 griffons
  7 sirens
  10 elephants
  A queen ant (Lair:8)
  A torpor snail (Lair:3)
  9 black mambas
  Psyche (D:11)
  13 spiny frogs
  2 fire drakes
  11 komodo dragons
  39 merfolk
  A queen bee (Lair:3)
  A two-headed ogre (D:8)
  3 trolls
  11 deep elf priests
  15 blink frogs
  4 polar bears
  11 snapping turtles
  A slime creature (Lair:7)
  A boulder beetle (Lair:8)
  5 basilisks
  11 water elementals
  A redback (Elf:1)
  12 fire bats (D:8)
  20 deep elf magi
  6 wraiths
  17 hippogriffs
  A wyvern (Lair:8)
  Eustachio (D:7)
  48 yaks
  4 hungry ghosts
  17 wolves
  34 deep elf fighters
  A warg (Orc:3)
  12 soldier ants
  3 nagas (Lair:6)
  14 water moccasins
  15 porcupines
  29 orc warriors
  3 ice beasts
  2 black bears
  2 phantoms
  2 sky beasts
  A wasp (D:8)
  7 centaurs
  22 crocodiles
  A boring beetle (Lair:7)
  11 ogres
  3 big kobolds
  A water moccasin zombie (Ossuary)
  16 giant frogs
  3 scorpions
  A yak skeleton (Orc:4)
  30 killer bees
  4 bog bodies (Ossuary)
  A crimson imp (D:7)
  A goliath beetle (D:6)
  5 electric eels
  3 jellies
  3 centaur zombies
  A giant frog zombie (Ossuary)
  13 hounds
  A quasit (D:11)
  26 orc priests
  2 centaur skeletons
  33 orc wizards
  8 iguanas
  7 hell rats
  22 worker ants
  A killer bee zombie (Ossuary)
  24 sheep
  Jessica (D:2)
  5 hound zombies (Ossuary)
  3 hound skeletons
  8 mummies (Ossuary)
  64 river rats
  A worker ant zombie (Ossuary)
  19 adders
  3 gnolls (D:6)
  An orc zombie (Elf:1)
  A shadow imp (D:8)
  A giant mite (D:5)
  A worm (D:2)
  4 adder zombies
  An adder skeleton (D:10)
  4 orc skeletons (Orc:4)
  5 giant geckos
  An ooze (D:2)
  177 orcs
  A ball python (D:6)
  73 bats
  A bat skeleton (D:8)
  2 bat zombies (Ossuary)
  5 giant cockroaches
  19 goblins
  20 hobgoblins
  9 quokkas
  A giant gecko skeleton (D:4)
  A giant gecko zombie (D:8)
  3 giant newts (D:2)
  A giant spore (D:5)
  8 jackals
  3 jackal zombies
  29 kobolds
  17 rats
  3 rat skeletons (Orc:4)
  A fungus (Lair:3)
  10 plants
1359 creatures vanquished.

Vanquished Creatures (collateral kills)
  A soldier ant (Lair:8)
  An orc wizard (D:5)
  2 worker ants
  Ijyb (D:2)
  An adder (D:2)
  2 worms (D:2)
  3 jackals
  3 bats (D:8)
14 creatures vanquished.

Vanquished Creatures (others)
  A troll (D:9)
  A deep elf fighter (Elf:2)
  An ogre (D:7)
  A lost soul (Elf:1)
  2 crimson imps (D:8)
  2 iron imps (D:8)
  A worker ant (Lair:8)
  An orc wizard (Orc:4)
  4 white imps
  4 rat skeletons (Orc:4)
  A bush (Lair:8)
  71 fungi
  53 plants
  4 tentacles (Shoals:5)
  21 tentacle segments (Shoals:5)
168 creatures vanquished.

Grand Total: 1541 creatures vanquished

Notes
Turn   | Place    | Note
--------------------------------------------------------------
     0 | D:1      | faibistes, the Deep Elf Wizard, began the quest for the Orb.
     0 | D:1      | Reached XP level 1. HP: 10/10 MP: 6/6
   109 | D:1      | Found an iron altar of Okawaru.
   236 | D:1      | Reached XP level 2. HP: 9/15 MP: 0/10
   244 | D:1      | Learned a level 2 spell: Blink
   247 | D:1      | Learned a level 2 spell: Call Imp
   594 | D:2      | Noticed Jessica
   598 | D:2      | Reached skill level 5 in Spellcasting
   707 | D:2      | Reached XP level 3. HP: 19/19 MP: 11/14
   713 | D:2      | Learned a level 3 spell: Conjure Flame
   717 | D:2      | Learned a level 3 spell: Mephitic Cloud
   746 | D:2      | Killed Jessica
  1255 | D:1      | Learned a level 2 spell: Repel Missiles
  1586 | D:2      | Noticed Ijyb
  1604 | D:2      | Killed Ijyb
  1604 | D:2      | Reached XP level 4. HP: 24/24 MP: 4/17
  2269 | D:4      | Reached skill level 6 in Spellcasting
  2269 | D:4      | Reached XP level 5. HP: 28/28 MP: 8/20
  2648 | D:5      | Entered Level 5 of the Dungeon
  2685 | D:4      | Found a blossoming altar of Fedhas.
  2689 | D:4      | Found an ancient bone altar of Kikubaaqudgha.
  2729 | D:4      | Found a shattered altar of Ashenzari.
  3792 | D:5      | Noticed a phantom
  3792 | D:5      | Noticed a sky beast
  3808 | D:5      | Killed a phantom
  3808 | D:5      | Reached skill level 7 in Spellcasting
  3808 | D:5      | Reached XP level 6. HP: 32/32 MP: 13/23
  3878 | D:5      | Killed a sky beast
  4340 | D:5      | Noticed an ogre
  4348 | D:5      | Killed an ogre
  4348 | D:5      | Reached skill level 1 in Fighting
  4348 | D:5      | Reached skill level 1 in Evocations
  4348 | D:5      | Reached XP level 7. HP: 36/38 MP: 24/25
  4476 | D:5      | Reached skill level 8 in Spellcasting
  4844 | D:7      | Reached skill level 5 in Dodging
  4878 | D:7      | Found a sand-covered staircase.
  4906 | Ossuary  | Entered an ossuary
  5321 | Ossuary  | Reached XP level 8. HP: 45/45 MP: 10/28
  5691 | Ossuary  | Reached skill level 9 in Spellcasting
  5983 | D:9      | Killed a troll
  6176 | D:7      | Found a glowing silver altar of Zin.
  6551 | D:6      | Found a shimmering altar of Xom.
  6551 | D:6      | Found a burning altar of Makhleb.
  6552 | D:6      | Found a bloodstained altar of Trog.
  6664 | D:6      | Found a shadowy altar of Dithmenos.
  7462 | D:7      | Found a stormy altar of Qazlal.
  7550 | D:7      | Reached skill level 10 in Spellcasting
  7729 | D:7      | Noticed Eustachio
  7742 | D:7      | Killed Eustachio
  7742 | D:7      | Reached XP level 9. HP: 52/52 MP: 28/30
  7936 | D:7      | Found a staircase to the Ecumenical Temple.
  7944 | Temple   | Entered the Ecumenical Temple
  8131 | Temple   | Became a worshipper of Sif Muna the Loreminder
  8577 | D:8      | Reached skill level 1 in Air Magic
  8653 | D:8      | Reached skill level 1 in Fire Magic
  8653 | D:8      | Reached skill level 1 in Poison Magic
  8898 | D:8      | Acquired Sif Muna's first power
  8927 | D:8      | Found a glowing silver altar of Zin.
  8928 | D:8      | Noticed an angel
  8999 | D:8      | Noticed a two-headed ogre
  9004 | D:8      | Killed a two-headed ogre
  9234 | D:8      | Found a radiant altar of Vehumet.
  9320 | D:8      | Reached skill level 5 in Conjurations
  9907 | D:8      | Acquired Sif Muna's second power
 10066 | D:8      | Found a runed door.
 10257 | D:8      | Found an opulent altar of Gozag.
 10333 | D:8      | Reached skill level 1 in Charms
 10358 | D:8      | Reached skill level 1 in Invocations
 10358 | D:8      | Reached skill level 5 in Evocations
 10358 | D:8      | Reached XP level 10. HP: 58/58 MP: 18/32
 10368 | D:8      | Reached skill level 11 in Spellcasting
 10429 | D:8      | Learned a level 4 spell: Airstrike
 10486 | D:8      | Found a glowing golden altar of the Shining One.
 10572 | D:8      | Found a stormy altar of Qazlal.
 10635 | D:8      | Found a shimmering altar of Xom.
 10851 | D:8      | Found an iron altar of Okawaru.
 11035 | D:8      | Found a glowing silver altar of Zin.
 11372 | D:8      | Noticed a flayed ghost
 11378 | D:8      | Killed a flayed ghost
 11378 | D:8      | Reached skill level 5 in Air Magic
 11426 | D:8      | Got a brightly glowing marble ring
 11432 | D:8      | Identified the ring "Khuzxit" {Int+4 SInv} (You found it on level 8 of the Dungeon)
 11550 | D:10     | Entered Level 10 of the Dungeon
 11679 | D:9      | Found a staircase to the Lair.
 11899 | D:9      | Noticed a troll
 11913 | D:9      | Killed a troll
 12034 | D:9      | Found a sacrificial altar of Ru.
 12480 | D:9      | Reached XP level 11. HP: 62/62 MP: 27/33
 12563 | D:9      | Reached skill level 5 in Fire Magic
 12827 | Lair:1   | Entered Level 1 of the Lair of Beasts
 13081 | Lair:1   | Reached skill level 12 in Spellcasting
 13265 | Lair:1   | Acquired Sif Muna's third power
 14184 | Lair:1   | Reached skill level 5 in Fighting
 14481 | Lair:1   | Reached skill level 5 in Invocations
 15259 | Lair:3   | Noticed a death yak
 15691 | Lair:2   | Reached skill level 5 in Charms
 16864 | Lair:2   | Reached XP level 12. HP: 68/68 MP: 6/35
 17815 | Lair:3   | Found a staircase to the Shoals.
 18467 | Lair:3   | Reached skill level 13 in Spellcasting
 19373 | Lair:4   | Killed a death yak
 19373 | Lair:4   | Reached skill level 5 in Translocations
 20287 | Lair:4   | Identified a scroll of acquirement
 20877 | Lair:5   | Noticed a four-headed hydra
 20884 | Lair:5   | Killed a four-headed hydra
 20884 | Lair:5   | Received a gift from Sif Muna
 20885 | Lair:5   | Identified Sif Muna's Catalogue of Creative Conjuration (Sif Muna gifted it to you on level 5 of the Lair of Beasts)
 21131 | Lair:4   | Noticed Rupert
 21135 | Lair:4   | Paralysed by Rupert for 2 turns
 21156 | Lair:4   | Killed Rupert
 21382 | Lair:4   | Noticed Harold
 21671 | Lair:4   | Killed Harold
 21671 | Lair:4   | Reached XP level 13. HP: 74/74 MP: 36/36
 22951 | Lair:5   | Learned a level 2 spell: Shroud of Golubria
 23781 | Lair:5   | Found a shadowy altar of Dithmenos.
 24235 | Lair:6   | Found a staircase to the Snake Pit.
 24404 | Lair:7   | Reached skill level 14 in Spellcasting
 24476 | Lair:7   | Noticed Nergalle
 25591 | Lair:6   | Killed Nergalle
 26610 | Lair:7   | Received a gift from Sif Muna
 26611 | Lair:7   | Identified Sif Muna's Incunabulum of the Birds (Sif Muna gifted it to you on level 7 of the Lair of Beasts)
 26652 | Lair:7   | Learned a level 6 spell: Deflect Missiles
 26681 | Lair:8   | Entered Level 8 of the Lair of Beasts
 27771 | Lair:2   | Learned a level 2 spell: Swiftness
 28034 | Lair:7   | Found a runed door.
 28034 | Lair:7   | Found a viscous altar of Jiyva.
 28067 | Lair:7   | Found a staircase to the Slime Pits.
 30240 | Lair:8   | Reached XP level 14. HP: 80/80 MP: 16/38
 30319 | Lair:8   | Noticed faibistes' ghost (powerful DEWz)
 30325 | Lair:8   | Killed faibistes' ghost
 31168 | Lair:8   | Reached skill level 10 in Fire Magic
 34493 | Lair:2   | Reached skill level 10 in Invocations
 34684 | D:10     | Found Yschol's Weapon Emporium.
 35183 | D:11     | Reached skill level 10 in Dodging
 35341 | D:11     | Reached skill level 15 in Spellcasting
 36065 | D:11     | Noticed Psyche
 36086 | D:11     | Killed Psyche
 36251 | D:11     | Reached skill level 10 in Conjurations
 36514 | D:12     | Received a gift from Sif Muna
 37613 | D:11     | Found Scheac's Jewellery Shoppe.
 37646 | D:11     | Bought an uncursed amulet of regeneration for 420 gold pieces
 37797 | D:11     | Found a staircase to the Orcish Mines.
 38013 | Orc:1    | Entered Level 1 of the Orcish Mines
 38127 | Orc:2    | Noticed Erolcha
 38602 | Orc:2    | Killed Erolcha
 39060 | Orc:1    | Found Cusu's Antique Weapon Shoppe.
 39121 | Orc:1    | Bought an ebony flail for 246 gold pieces
 39125 | Orc:1    | Identified the +3 flail "Jellyslayer" {crush, rC+ MR+ MP-9} (You bought it in a shop on level 1 of the Orcish Mines)
 39513 | Orc:4    | Entered Level 4 of the Orcish Mines
 40865 | Orc:2    | Noticed Fannar
 40986 | Orc:1    | Killed Fannar
 41424 | Orc:3    | Found Ururaon's Jewellery Emporium.
 41473 | Orc:3    | Bought the ring "Kurghoar" {rElec rPois Int+4 Dex-5} for 446 gold pieces
 41473 | Orc:3    | Bought the amulet "Twiq" {Ward rN+ Int+4} for 425 gold pieces
 42940 | Orc:4    | Paralysed by an orc sorcerer for 3 turns
 42951 | Orc:4    | Reached skill level 10 in Charms
 43627 | Orc:4    | Reached XP level 15. HP: 86/86 MP: 25/39
 43754 | Orc:4    | Found Pnuemum's Book Boutique.
 43755 | Orc:4    | Found Yhusuuwk's Weapon Shoppe.
 43756 | Orc:4    | Found Xutibb's Antique Weapon Boutique.
 43757 | Orc:4    | Found Fryr's Antique Armour Shoppe.
 43765 | Orc:4    | Bought a book of Conjurations for 390 gold pieces
 43769 | Orc:4    | Learned a level 3 spell: Dazzling Spray
 43774 | Orc:4    | Learned a level 4 spell: Iskenderun's Mystic Blast
 43780 | Orc:4    | Learned a level 5 spell: Iskenderun's Battlesphere
 43783 | Orc:4    | Bought a pair of runed boots for 139 gold pieces
 43971 | Orc:3    | Found a staircase to the Elven Halls.
 44307 | Orc:4    | Found Medituoq's Antique Weapon Boutique.
 45044 | Elf:1    | Entered Level 1 of the Elven Halls
 45587 | Elf:1    | Reached skill level 16 in Spellcasting
 45783 | Elf:1    | Identified the Guide on Noxious Attacks
 46006 | Elf:1    | Received a gift from Sif Muna
 46007 | Elf:1    | Identified Sif Muna's Guide on Igneous Attacks (Sif Muna gifted it to you on level 1 of the Elven Halls)
 46013 | Elf:1    | Learned a level 4 spell: Sticky Flame
 46776 | Elf:1    | Found a corrupted altar of Lugonu.
 46942 | Elf:1    | Found a one-way gate to the infinite horrors of the Abyss.
 47228 | Elf:1    | Noticed an Executioner
 47742 | Elf:1    | Found Camarasa's Armour Shoppe.
 49392 | Elf:2    | Received a gift from Sif Muna
 49515 | Elf:2    | Learned a level 5 spell: Bolt of Magma
 49772 | Elf:2    | Reached skill level 1 in Earth Magic
 49896 | Elf:2    | Reached skill level 17 in Spellcasting
 50135 | Elf:2    | Found a runed gate.
 50135 | Elf:2    | Found a runed gate.
 50136 | Elf:2    | Found a runed gate.
 50330 | Elf:2    | Noticed Frances
 50337 | Elf:2    | Killed Frances
 50337 | Elf:2    | Reached XP level 16. HP: 91/93 MP: 23/41
 50639 | Elf:2    | Noticed Nessos
 50812 | Elf:2    | Killed Nessos
 51638 | Lair:2   | Learned a level 6 spell: Iron Shot
 51695 | Shoals:1 | Entered Level 1 of the Shoals
 51767 | Shoals:1 | Received a gift from Sif Muna
 51899 | Lair:2   | Learned a level 6 spell: Bolt of Fire
 52065 | Shoals:2 | Reached skill level 5 in Earth Magic
 52081 | Shoals:2 | Noticed Wiglaf
 52238 | Shoals:2 | Killed Wiglaf
 53511 | Shoals:1 | Reached skill level 18 in Spellcasting
 55583 | Shoals:2 | Got a smoking pewter ring
 55585 | Shoals:2 | Identified the ring "Framounn" {rPois Str+3 Int-4 Stlth+} (You found it on level 2 of the Shoals)
 55592 | Shoals:2 | Found Shrasmiv's Food Emporium.
 55655 | Shoals:2 | You fall through a shaft for 2 floors!
 55853 | Shoals:5 | Entered Level 5 of the Shoals
 55906 | Shoals:4 | Received a gift from Sif Muna
 55907 | Shoals:4 | Identified Sif Muna's Disquisition on Excruciating Dislocation (Sif Muna gifted it to you on level 4 of the Shoals)
 56162 | Shoals:4 | Reached XP level 17. HP: 88/99 MP: 20/42
 57111 | Shoals:4 | Noticed Polyphemus
 57115 | Shoals:4 | Killed Polyphemus
 57619 | Shoals:3 | Reached skill level 19 in Spellcasting
 59525 | Lair:2   | Learned a level 7 spell: Ring of Flames
 60378 | Shoals:5 | Received a gift from Sif Muna
 60379 | Shoals:5 | Identified Sif Muna's Papyrus of Excruciating Boosts (Sif Muna gifted it to you on level 5 of the Shoals)
 60781 | Lair:2   | Learned a level 6 spell: Haste
 61288 | Shoals:5 | HP: 5/100 [manticore (11)]
 61290 | Shoals:5 | Slain by a merfolk

Action                   |  1- 3 |  4- 6 |  7- 9 | 10-12 | 13-15 | 16-18 || total
-------------------------+-------+-------+-------+-------+-------+-------++-------
Melee: Dagger            |     5 |     9 |    47 |    40 |       |       ||   101
       Short sword       |       |       |       |   108 |   324 |     8 ||   440
 Cast: Magic Dart        |    87 |   131 |   448 |   319 |   177 |    73 ||  1235
       Call Imp          |     9 |     8 |     9 |     2 |       |       ||    28
       Mephitic Cloud    |     2 |     6 |    23 |    70 |   118 |       ||   219
       Repel Missiles    |     1 |       |       |       |       |       ||     1
       Conjure Flame     |       |     6 |    58 |    95 |   152 |       ||   311
       Blink             |       |       |     6 |    16 |    21 |     7 ||    50
       Airstrike         |       |       |       |   291 |   945 |    69 ||  1305
       Shroud of Golubri |       |       |       |       |    21 |     1 ||    22
       Deflect Missiles  |       |       |       |       |     8 |     1 ||     9
       Swiftness         |       |       |       |       |     1 |     1 ||     2
       Iskenderun's Myst |       |       |       |       |   123 |    27 ||   150
       Iskenderun's Batt |       |       |       |       |    40 |    56 ||    96
       Sticky Flame      |       |       |       |       |    20 |    28 ||    48
       Bolt of Magma     |       |       |       |       |    16 |    10 ||    26
       Dazzling Spray    |       |       |       |       |    13 |       ||    13
       Bolt of Fire      |       |       |       |       |       |   259 ||   259
       Ring of Flames    |       |       |       |       |       |     1 ||     1
       Haste             |       |       |       |       |       |     1 ||     1
Invok: Channel Energy    |       |       |     5 |    36 |    97 |    98 ||   236
       Forget Spell      |       |       |       |       |       |     4 ||     4
 Abil: Evoke Flight      |       |       |       |       |     1 |       ||     1
Evoke: Wand              |       |       |     6 |     9 |     5 |     1 ||    21
  Use: Scroll            |     1 |     2 |    17 |    13 |    21 |     7 ||    61
       Potion            |       |       |       |       |    11 |     2 ||    13
 Stab: Confused          |       |     1 |     4 |     7 |    20 |       ||    32
  Eat: Chunk             |     1 |     9 |    18 |    37 |    77 |    34 ||   176
       Beef jerky        |       |       |     1 |     1 |     8 |     2 ||    12
       Pizza             |       |       |       |     1 |     2 |       ||     3
       Fruit             |       |       |       |       |    10 |     1 ||    11
       Bread ration      |       |       |       |       |     2 |     2 ||     4
